 Dungeon Crawl Stone Soup version 0.31-a0-654-gbe3e110b4e (webtiles) character file.

Game seed: 11095835536548799368

95 Darkkill the Shooter (level 4, 0/3 HPs)
             Began as a Minotaur Hunter on Aug 29, 2023.
             Slain by a quokka (3 damage)
             ... on level 2 of the Dungeon.
             The game lasted 00:03:13 (1475 turns).

Darkkill the Shooter (Minotaur Hunter)              Turns: 1475, Time: 00:03:14

Health: 0/3        AC:  3    Str: 16    XL:     4   Next: 39%
Magic:  3/3        EV: 12    Int:  6    God:
Gold:   88         SH:  0    Dex: 15    Spells: 3/3 levels left

rFire   . . .        a - +0 shortbow
rCold   + . .        (shield currently unavailable)
rNeg    + + +        c - +0 leather armour
rPois   ∞            (helmet restricted)
rElec   .            (no cloak)
rCorr   .            (no gloves)
SInv    .            (no boots)
Will    +....        (no amulet)
Stlth   ++           (no ring)
HPRegen 0.20/turn    (no ring)
MPRegen 0.08/turn

%: no passive effects
@: death-form
A: vile attack, torment immunity, no potions, reduced hp, horns 2, retaliatory
headbutt
a: Siphon Essence, Begin Untransformation


You were on level 2 of the Dungeon.
You were an undying horror.
You visited 1 branch of the dungeon, and saw 2 of its levels.

You collected 88 gold pieces.

Inventory:

Hand Weapons
 a - a +0 shortbow (weapon)
Missiles
 f - 15 stones
 k - 2 poisoned darts
Armour
 c - a +0 leather armour (worn)
Magical Staves
 i - a staff of earth
Talismans
 n - a flux talisman
 o - a talisman of death (active)
Scrolls
 d - 3 scrolls of teleportation
 g - a scroll of fog {unknown}
 p - a scroll of noise {unknown}
 q - a scroll of poison {unknown}
 r - a scroll of identify {@r1}
Potions
 e - a potion of enlightenment {unknown}
 h - a potion of heal wounds
 j - a potion of might {unknown}
 l - a potion of attraction {unknown}
 m - a potion of curing {unknown}
 s - a potion of brilliance {unknown}


   Skills:
 + Level 3.4 Fighting
 + Level 5.0 Ranged Weapons
 + Level 3.1 Dodging
 + Level 2.0 Stealth


You had 3 spell levels left.
You didn't know any spells.
Your spell library was empty.

Dungeon Overview and Level Annotations

Branches:
Dungeon (2/15)

Altars:

Annotations:
D:2 Sigmund


Innate Abilities, Weirdness & Mutations

You are an undying horror.
Your melee and unarmed attacks drain, slow and weaken victims.
You are immune to unholy pain and torment.
You cannot drink.
Your maximum health is decreased, since you lack skill for your form.
You are immune to poison.
You have a pair of horns on your head.
You reflexively headbutt those who attack you in melee.


Message History

A ball python comes into view.
You shoot an arrow.
The arrow hits the ball python but does no damage.
The ball python hisses angrily.
A ball python is nearby!
A ball python is nearby!
You shoot an arrow. The arrow hits the ball python.
You kill the ball python!
A ball python comes into view.
The ball python moves out of view.
No target in view!
A ball python is nearby!
You shoot an arrow. The arrow hits the ball python!
You kill the ball python!
Your Stealth skill increases to level 2!
You now have 75 gold pieces (gained 9).
You see here a worm corpse. 2 rats come into view.
Found a scroll labelled AWNIST QEOR ISUA.
There are monsters nearby!
You shoot an arrow. The arrow hits the rat.
You kill the rat!
A kobold comes into view. It is wielding a +0 short sword.
There are monsters nearby!
You shoot an arrow. The arrow barely misses the kobold.
A rat is nearby!
You shoot an arrow. The arrow hits the rat.
The rat is severely wounded.
There are monsters nearby!
You shoot an arrow. The arrow closely misses the kobold.
The kobold misses you.
There are monsters nearby!
You shoot an arrow. The arrow closely misses the kobold.
The kobold barely misses you.
There are monsters nearby!
You shoot an arrow. The arrow hits the kobold!
You kill the kobold!
A rat is nearby!
You shoot an arrow. The arrow hits the rat!
You kill the rat!
No target in view!
Found a stone staircase leading down.
You see here a +0 short sword.
A hobgoblin comes into view.
Found a puce potion.
The hobgoblin shouts!
You see here 13 gold pieces.
You shoot an arrow. The arrow hits the hobgoblin.
You kill the hobgoblin!
No target in view!
You now have 88 gold pieces (gained 13).
s - a puce potion You see here a +0 short sword.
A quokka and an endoplasm come into view.
Found a blue potion.
You shoot an arrow. The arrow hits the endoplasm.
The endoplasm quivers.
The endoplasm is moderately wounded.
You hear a shout!
There are monsters nearby!
You shoot an arrow. The arrow hits the endoplasm.
You kill the endoplasm!
Sigmund the Dreaded comes into view.
He is wielding a +0 scythe.
Read: scroll of butterflies
Press: ? - help, Q - select action, (/) - cycle Dir - look around, f - activate
As you read the scroll of butterflies, it crumbles to dust.
You hear the flapping of tiny wings.
Sigmund barely misses your butterfly.
The quokka closely misses your butterfly.
You swap places.
The quokka completely misses your butterfly.
Sigmund hits your butterfly with a +0 scythe!
Your butterfly dies!
Your butterfly disappears in a burst of colours!
You swap places.
The quokka barely misses your butterfly.
You swap places.
Something closely misses your butterfly.
You swap places.
The quokka barely misses your butterfly.
You swap places.
Something closely misses your butterfly.
You swap places.
You swap places.
The quokka bites your butterfly.
Your butterfly dies!
Your butterfly disappears in a burst of colours!
Sigmund misses your butterfly.
There is a stone staircase leading up here.
You climb upwards.
Your summoned allies are left behind.
There is a stone staircase leading down here.
No target in view!
Partly explored, can't reach some items.
You climb downwards.
Level annotation: Sigmund Your butterfly disappears in a burst of colours! x25
The quokka bites you but does no damage.
The quokka barely misses you.
There is a stone staircase leading up here.
The quokka bites you.
Ouch! That really hurt!
You die...

#r###...#...........#
#b..#................
#.####†............
#####.b................#
##....b####...........#.#.
#.b.bb..####..........#....
.....b..b###.@.............
.......>b##..............<
...b.b...#..#...zr......#
...b.......#............#
..............####>.....#
..........###.###.....>.#
.........## #...........#
.......†.#
#.###..#.############
.........# #. #..#.#
#...#.#. .........# #...#.#
#..#..#. #.......##
...#.#.# ###.....


You could see Sigmund and a quokka.

Vanquished Creatures
  Jessica (D:2)
  2 adders (D:2)
  A worm (D:2)
  A dart slug (D:2)
  3 bats (D:1)
  6 endoplasms
  2 giant cockroaches
  8 hobgoblins
  A quokka (D:1)
  3 ball pythons (D:2)
  3 frilled lizards (D:2)
  3 goblins (D:1)
  3 kobolds
  8 rats
45 creatures vanquished.

Notes
Turn   | Place    | Note
-------+----------+-------------------------------------------
     0 | D:1      | Darkkill the Minotaur Hunter began the quest for the Orb.
     0 | D:1      | Reached XP level 1. HP: 18/18 MP: 0/0
    52 | D:1      | Reached skill level 1 in Stealth
   107 | D:1      | Reached XP level 2. HP: 25/25 MP: 1/1
   210 | D:1      | Found a faded altar of an unknown god.
  1071 | D:2      | HP: 5/26 [ball python (3)]
  1073 | D:2      | Reached XP level 3. HP: 6/31 MP: 2/2
  1226 | D:2      | Noticed Jessica
  1234 | D:2      | Killed Jessica
  1282 | D:2      | Reached XP level 4. HP: 38/38 MP: 3/3
  1376 | D:2      | Reached skill level 5 in Ranged Weapons
  1453 | D:2      | Noticed Sigmund
  1475 | D:2      | Slain by a quokka

Illustrated notes

Levels and vault maps discovered:
D:1:      grunt_arrival_lava_bath, layout_basic,
          chequers_ecumenical_altar_twisty, minivault_5, minmay_misc_feat_tower,
          serial_bayou_crossing
D:2:      layout_rooms, minmay_misc_feat_rugged, uniq_sigmund, uniq_jessica

Skill      XL: |  1  2  3  4 |
---------------+-------------+-----
Stealth        | 1 2 |  2.0
Fighting       | 3 |  3.4
Dodging        | 3 |  3.1
Ranged Weapons | 5 |  5.0

Action                     |  1- 3 |  4- 6 || total
---------------------------+-------+-------++-------
   Fire: Shortbow          |    80 |    38 ||   118
    Use: Scroll            |     3 |     1 ||     4
 Armour: Leather armour    |     6 |     6 ||    12
  Dodge: Dodged            |    21 |     7 ||    28
         Form:             |     1 |       ||     1
         Flux              |     1 |       ||     1
         Death             |       |     1 ||     1

Table legend: (Time is in decaauts)
 A = Elapsed time spent in this place.
 B = Non-inter-level travel time spent in this place.
 C = Inter-level travel time spent in this place.
 D = Time resting spent in this place.
 E = Time spent auto-exploring this place.
 F = Levels seen in this place.
 G = Mean time per level.
                   A        B        C        D        E       F      G
               +--------+--------+--------+--------+--------+-----+--------+
         Total |   1504 |   1244 |    260 |      0 |    970 |   2 |  752.0 |
       Dungeon |   1504 |   1244 |    260 |      0 |    970 |   2 |  752.0 |
               +--------+--------+--------+--------+--------+-----+--------+

Top non-repeatable levels by time:
     D:1: 1084 daAuts
     D:2: 419 daAuts

Levels and vault maps discovered:
D:1:      grunt_arrival_lava_bath, layout_basic,
          chequers_ecumenical_altar_twisty, minivault_5, minmay_misc_feat_tower,
          serial_bayou_crossing
D:2:      layout_rooms, minmay_misc_feat_rugged, uniq_sigmund, uniq_jessica

Table legend: (Time is in decaauts)
 A = Elapsed time spent in this place.
 B = Non-inter-level travel time spent in this place.
 C = Inter-level travel time spent in this place.
 D = Time resting spent in this place.
 E = Time spent auto-exploring this place.
 F = Levels seen in this place.
 G = Mean time per level.
                   A        B        C        D        E       F      G
               +--------+--------+--------+--------+--------+-----+--------+
         Total |   1504 |   1244 |    260 |      0 |    970 |   2 |  752.0 |
       Dungeon |   1504 |   1244 |    260 |      0 |    970 |   2 |  752.0 |
               +--------+--------+--------+--------+--------+-----+--------+

Top non-repeatable levels by time:
     D:1: 1084 daAuts
     D:2: 419 daAuts

Table legend:
 A = Kills in this place as a percentage of kills in the entire game.
 B = Kills by you in this place as a percentage of kills by you in the entire game.
 C = Kills by friends in this place as a percentage of kills by friends in the entire game.
 D = Other kills in this place as a percentage of other kills in the entire game.
 E = Experience gained in this place as a percentage of experience gained in the entire game.
 F = Experience gained in this place divided by the number of levels of this place that you have seen.
                   A       B       C       D       E      F
               +-------+-------+-------+-------+-------+----------------------
         Total | 100.0 | 100.0 |   N/A |   N/A | 100.0 |  68.0
       Dungeon | 100.0 | 100.0 |   N/A |   N/A | 100.0 |  68.0
               +-------+-------+-------+-------+-------+----------------------
